 Dungeon Crawl Stone Soup version 0.31.0-7-gf635a9b802 (webtiles) character file.

Game seed: 16660938387247136219

3906 Sweeb the Blocker (level 10, 37/83 HPs)
             Began as a Formicid Fighter on Jan 23, 2024.
             Was a Believer of the Shining One.
             Quit the game on level 8 of the Dungeon on Jan 24, 2024.
             The game lasted 00:12:34 (6984 turns).

Sweeb the Blocker (Formicid Fighter)                Turns: 6984, Time: 00:12:34

Health: 37/83      AC: 28    Str: 21    XL:     10   Next: 43%
Magic:  10/10      EV:  3    Int:  8    God:    the Shining One [**....]
Gold:   329        SH: 10    Dex: 16    Spells: 9/9 levels left

rFire   . . .        a - +1 trident (protect)
rCold   . . .        c - +3 buckler
rNeg    + + .        s - +0 crystal plate armour
rPois   +            (helmet unavailable)
rElec   .            d - +2 ratskin cloak {*Rats rPois rN+ Str-1 Int-1 Dex+1}
rCorr   .            (no gloves)
SInv    +            (no boots)
Will    +....        (no amulet) Stlth
                     (no ring)
HPRegen 0.33/turn    (no ring)
MPRegen 0.12/turn

%: no passive effects
@: under a protective aura, glowing, studying Fighting
A: permanent stasis, dig shafts and tunnels, antennae 3, four strong arms
a: Dig, Shaft Self, Renounce Religion, Divine Shield


You were on level 8 of the Dungeon.
You worshipped the Shining One.
The Shining One was pleased with you.
You visited 2 branches of the dungeon, and saw 9 of its levels.

You collected 329 gold pieces.

Inventory:

Hand Weapons
 a - a +1 trident of protection (weapon)
Armour
 b - a +0 scale mail
 c - a +3 buckler (worn)
 d - the +2 ratskin cloak (worn) {*Rats rPois rN+ Str-1 Int-1 Dex+1}
   (You found it on level 7 of the Dungeon)

   *Rats:     When the wearer is hurt, rats may emerge from it to assist them.
   Str-1:     It affects your strength (-1).
   Int-1:     It affects your intelligence (-1).
   Dex+1:     It affects your dexterity (+1).
   rPois:     It protects you from poison rN+: It protects you from negative
   energy.
 o - a +0 cloak
 s - a +0 crystal plate armour (worn)
 t - a +2 cloak
Jewellery
 g - an amulet of guardian spirit
Wands
 n - a wand of light (6)
Scrolls
 j - a scroll of torment
 p - 3 scrolls of fog
 q - a scroll of noise
Potions
 e - a potion of invisibility
 f - 4 potions of attraction
 h - a potion of enlightenment {unknown}
 i - 4 potions of heal wounds
 k - 4 potions of lignification
 l - 4 potions of berserk rage
 m - a potion of degeneration {unknown}
 r - 2 potions of curing {unknown}
 u - a potion of resistance {unknown}


   Skills:
 + Level 9.4 Fighting
 * Level 8.6 Polearms
 + Level 7.1 Armour
 * Level 11.7 Shields


You had 9 spell levels left.
You didn't know any spells.
Your spell library contained the following spells:

 Spells                   Type           Power      Damage    Failure   Level
 Cigotuvi's Dreadful Rot  Necr/Alch/Air  0%         N/A       100%        2
 Tukima's Dance           Hex            0%         N/A       100%        3
 Dimensional Bullseye     Hex/Tloc       0%         N/A       100%        4
 Ignite Poison            Fire/Alch      0%         N/A       100%        4
 Iskenderun's Mystic Bla  Conj/Tloc      0%         2d3       100%        4
 Passage of Golubria      Tloc           0%         N/A       100%        4
 Freezing Cloud           Conj/Ice/Air   0%         6-21      100%        5
 Yara's Violent Unravell  Hex/Alch       0%         3d3       100%        5


Dungeon Overview and Level Annotations

Branches:
Dungeon (8/15)             Temple (1/1) D:5
   Lair: D:8-11

Altars:
Ashenzari
Cheibriados
Dithmenos
Elyvilon
Fedhas
Gozag
Hepliaklqana
Kikubaaqudgha
Makhleb
Nemelex Xobeh
Okawaru
Sif Muna
Trog
Uskayaw
Vehumet
Wu Jian
Xom
Yredelemnul
Zin
The Shining One

Shops:
D:3 [   D:4 *


Innate Abilities, Weirdness & Mutations

You cannot be hasted, slowed, berserked, paralysed or teleported.
You can dig through walls and to a lower floor.
You have a pair of large antennae on your head. (SInv)
Your four strong arms can wield two-handed weapons with a shield.


Message History

The orc warrior is moderately wounded.
The orc warrior hits you but does no damage.
You reach to attack!
You hit the orc warrior but do no damage.
The orc warrior is moderately wounded.
The orc warrior hits you from afar with a +0 glaive!
You reach to attack!
You barely miss the orc warrior.
The orc warrior is moderately wounded.
The orc warrior hits you from afar with a +0 glaive!
You are too injured to fight recklessly!
You are too injured to fight recklessly!
You are too injured to fight recklessly!
Reach: a) +1 trident (protect)
Press: ? - help, Dir - move target, f/p - orc warrior
Aim: an orc warrior, wielding a +0 glaive and wearing a +0 plate armour (moderately wounded, haloed, about 17% to evade your +1 trident of protection)
You reach to attack!
You puncture the orc warrior!
The orc warrior is heavily wounded.
You block the orc warrior's attack.
Reach: a) +1 trident (protect)
Press: ? - help, Dir - move target, f/p - orc warrior
Aim: an orc warrior, wielding a +0 glaive and wearing a +0 plate armour (heavily wounded, haloed, about 17% to evade your +1 trident of protection)
You reach to attack!
You hit the orc warrior.
The orc warrior is severely wounded.
Reach: a) +1 trident (protect)
Press: ? - help, Dir - move target, f/p - orc warrior
Aim: an orc warrior, wielding a +0 glaive and wearing a +0 plate armour (severely wounded, haloed, about 17% to evade your +1 trident of protection)
You reach to attack!
You hit the orc warrior but do no damage.
The orc warrior is severely wounded.
You block the orc warrior's attack.
Reach: a) +1 trident (protect)
Press: ? - help, Dir - move target, f/p - orc warrior
Aim: an orc warrior, wielding a +0 glaive and wearing a +0 plate armour (severely wounded, haloed, about 17% to evade your +1 trident of protection)
You reach to attack!
You puncture the orc warrior!
You kill the orc warrior!
Unknown command.
You see here a bullfrog corpse.
Things that are here:
a +0 glaive; a +0 plate armour Are you sure you want to abandon this character and quit the game? (Confirm with "yes".)

#.~~~~... . #..~~..# #.
.# ♣ #..P~.♣ #.# ###.. .
. #..# #... ..#. ..
.####..######..##...♣...
...............#.#....P.
......#.####..........#
####..#.###...........#
####..#.##......@.#
...............†..#
####...........)..#
#.##...........#
####.#####.....).##
.....# ##......#
.....######....#.#
.##..............#
...............###


There were no monsters in sight!

Vanquished Creatures
  2 hornets
  A vampire (D:8)
  A shadow (D:7)
  2 steam dragons
  An acid dragon (D:7)
  A water moccasin (D:7)
  3 orc warriors
  3 sky beasts
  An ice beast (D:7)
  An ogre (D:6)
  A phantom (D:7)
  3 bullfrogs
  A necrophage (D:7)
  2 scorpions
  A burial acolyte (D:6)
  5 killer bees (D:7)
  6 howler monkeys
  2 jellies
  3 orc priests
  4 bombardier beetles
  3 hounds
  3 quasits (D:8)
  A gnoll bouda (D:7)
  2 iguanas
  A sleepcap (D:6)
  7 orc wizards
  A hound skeleton (D:7)
  7 gnolls
  4 adders
  A shadow imp (D:8)
  4 white imps
  3 ufetubi
  An adder zombie (D:6)
  A ribbon worm (D:2)
  2 dart slugs (D:1)
  38 orcs
  7 endoplasms
  7 giant cockroaches
  9 goblins
  8 hobgoblins
  5 jackals (D:2)
  4 quokkas
  10 ball pythons
  9 bats
  2 frilled lizards (D:1)
  3 jackal zombies (D:6)
  9 kobolds
  10 rats
206 creatures vanquished.

Notes
Turn   | Place    | Note
-------+----------+-------------------------------------------
     0 | D:1      | Sweeb the Formicid Fighter began the quest for the Orb.
     0 | D:1      | Reached XP level 1. HP: 18/18 MP: 1/1
    62 | D:1      | Reached XP level 2. HP: 20/24 MP: 2/2
   199 | D:1      | Reached XP level 3. HP: 28/29 MP: 3/3
   538 | D:1      | Identified a scroll of acquirement
   538 | D:1      | Acquired a manual of Fighting
   644 | D:2      | Reached XP level 4. HP: 28/36 MP: 4/4
   665 | D:2      | Reached skill level 5 in Shields
  1381 | D:3      | Reached XP level 5. HP: 35/42 MP: 5/5
  1840 | D:3      | Found Zamales's Antique Armour Boutique.
  2148 | D:4      | Found Xuado's General Store.
  2266 | D:4      | Identified the +2 long sword of Noituc {freeze, rF+}
  2627 | D:4      | Reached XP level 6. HP: 32/49 MP: 6/6
  2744 | D:4      | Reached skill level 6 in Shields
  2965 | D:5      | Entered Level 5 of the Dungeon
  3271 | D:5      | Found a bloodstained altar of Trog.
  3324 | D:5      | Reached skill level 5 in Fighting
  3324 | D:5      | Reached XP level 7. HP: 49/56 MP: 7/7
  3419 | D:5      | Noticed a hornet
  3433 | D:5      | Killed a hornet
  3434 | D:5      | Reached skill level 7 in Shields
  3565 | D:5      | Reached skill level 5 in Polearms
  3761 | D:5      | Reached XP level 8. HP: 64/64 MP: 8/8
  3983 | D:5      | Found a staircase to the Ecumenical Temple.
  4137 | Temple   | Entered the Ecumenical Temple
  4154 | Temple   | Became a worshipper of the Shining One
  4305 | D:6      | Reached skill level 5 in Armour
  4328 | D:6      | Reached skill level 8 in Shields
  4717 | D:6      | Found a blossoming altar of Fedhas.
  4791 | D:6      | Found a snail-covered altar of Cheibriados.
  4946 | D:6      | Reached skill level 9 in Shields
  4946 | D:6      | Reached XP level 9. HP: 72/72 MP: 9/9
  4955 | D:6      | Found an ancient bone altar of Kikubaaqudgha.
  5415 | D:7      | Reached * piety under the Shining One
  5415 | D:7      | Found the +2 ratskin cloak {*Rats rPois rN+ Str-1 Int-1
                  | Dex+1}
  5417 | D:7      | Noticed a hornet
  5437 | D:7      | Killed a hornet
  5704 | D:7      | Reached skill level 10 in Shields
  5770 | D:7      | Found a burning altar of Makhleb.
  6076 | D:7      | Reached XP level 10. HP: 66/82 MP: 10/10
  6076 | D:7      | Found an iron altar of Okawaru.
  6231 | D:7      | Reached skill level 11 in Shields
  6586 | D:8      | Reached ** piety under the Shining One
  6888 | D:8      | Found a white marble altar of Elyvilon.
  6938 | D:8      | Found a glowing silver altar of Zin.
  6984 | D:8      | Quit the game

Illustrated notes

Levels and vault maps discovered:
D:1:      heliophobic_arrival_battle_scene, layout_basic, minmay_distorted
D:2:      layout_rooms
D:3:      layout_loops_ring, serial_shops, nicolae_shop_tiny_statue_garden,
          minmay_parallelograms
D:4:      layout_cave_pods, serial_shops, nicolae_shop_stone,
          columned_hall_lemuel
D:5:      layout_loops_ring, bloody_trog, minmay_temple_entry_fiery
D:6:      layout_loops_cross, lemuel_zombie_altar_kikubaaqudgha,
          fedhas_ov_isle_minmay, slow_altar_2
D:7:      layout_basic, marbit_many_paths, makhleb_blood_cavern_becter,
          enter_bailey_2
D:8:      layout_loops_ring, mainiacjoe_overflow_brackets,
          overflow_temple_1_default, nicolae_qazlal_general_emergency,
          serial_demonic, serial_demonic_g, serial_demonic_d, serial_demonic_e,
          serial_demonic_f, serial_demonic_c
Temple:   nicolae_temple_bog_church

Skill      XL: |  1  2  3  4  5  6  7  8  9 10 |
---------------+-------------------------------+-----
Shields        | 5 6 7 9 10 11 | 11.7
Polearms       | 3 4 5 6 7 8 |  8.6
Fighting       | 4 5 7 8 9 |  9.4
Armour         | 4 5 6 7 |  7.1

Action                     |  1- 3 |  4- 6 |  7- 9 | 10-12 || total
---------------------------+-------+-------+-------+-------++-------
  Melee: Trident           |   101 |   228 |   327 |   152 ||   808
    Use: Scroll            |     8 |     5 |       |     5 ||    18
         Potion            |       |       |     1 |       ||     1
   Stab: Confused          |       |     1 |       |       ||     1
 Armour: Scale mail        |    37 |   111 |   127 |       ||   275
         Crystal plate arm |       |       |    52 |   124 ||   176
  Dodge: Dodged            |    26 |    54 |    85 |     5 ||   170
  Block: Buckler           |    25 |    82 |   128 |    62 ||   297
